[Event "Early-Titled-Tuesday-Blitz-May-07-2024"]
[Site "Chess.com"]
[Date "2024.05.07"]
[Round "3"]
[White "MAGMAchess02"]
[Black "WhiteKnight2612"]
[Result "0-1"]
[WhiteElo "2244"]
[BlackElo "2827"]
[TimeControl "180+1"]
[EndTime "8:32:48 PDT"]
[Termination "WhiteKnight2612 won by checkmate"]

1. e4 e6 2. d4 d5 3. e5 c5 4. c3 Nc6 5. Nf3 Bd7 6. Be2 Nge7 7. Na3 Nf5 8. Nc2 f6 9. exf6 Qxf6 10.
O-O Bd6 11. Re1 O-O 12. Ne3 cxd4 13. Nxf5 Qxf5 14. cxd4 Be8 15. Be3 Bg6 16. Nh4 Qf6 17. Nxg6 Qxg6 18. g3 Ne7 19. Bd3 Nf5 20. Qd2 Rae8 21.
Bf4 Bxf4 22. Qxf4 Qh5 23. g4 Qh4 24. Bxf5 Rxf5 25. Qg3 Qxg3+ 26. hxg3 Rg5 27. f3 h5 28. gxh5 Rxg3+ 29. Kf2 Rg5 30. Re5 Rxe5 31. dxe5 Rc8 32. Re1 Rc4 33. Kg3 Rc2 34. Kf4 Rxb2 35. Rc1 Rb4+ 36.
Kg5 Rc4 37. Rb1 b6 38. f4 Kf7 39. Rf1 Rc2 40. a4 Rg2+ 41. Kh4 Ra2 42. Rc1 Rxa4 43.
Rc7+ Kf8 44. Kg5 Ra2 45. f5 Rg2+ 46. Kh4 exf5 47. Rxa7 Rg4+ 48. Kh3 d4 49. Rb7 d3 50. Rxb6 Rd4 51. Rb1 d2 52. Rd1 Ke7 53. Kg3 Ke6 54.
Kf3 Kxe5 55. Ke3 f4+ 56. Ke2 Ke4 57. Rf1 f3+ 58. Kd1 Ke3 59. h6 Ra4 60. hxg7 Ra1+ 61. Kc2 Rxf1 62. g8=Q d1=Q+ 63. Kc3 Qd3+ 64. Kb4 Rb1+ 65.
Kc5 Qc3+ 66. Kd6 Rb6+ 67. Ke7 Qc7+ 68. Ke8 Rb8# 0-1

[Event "Early-Titled-Tuesday-Blitz-May-07-2024"]
[Site "Chess.com"]
[Date "2024.05.07"]
[Round "3"]
[White "cthulhuuu"]
[Black "Alphafischer2019"]
[Result "1-0"]
[WhiteElo "2514"]
[BlackElo "2652"]
[TimeControl "180+1"]
[EndTime "8:32:48 PDT"]
[Termination "cthulhuuu won by resignation"]

1. e4 c5 2. Nf3 Nc6 3. g3 g6 4. Bg2 Bg7 5. O-O e6 6. d3 Nge7 7. Re1 d5 8. Nbd2 O-O 9. Qe2 b5 10. e5 b4 11. Nf1 a5 12. Bf4 Ba6 13. h4 h6 14. Qd2 Kh7 15. Ne3 a4 16. Ng4 Ng8 17.
a3 Bb5 18. d4 bxa3 19. Rxa3 Na5 20. Raa1 Nc4 21. Qc1 Qe7 22. b3 axb3 23. cxb3 Rxa1 24.
Qxa1 Nb6 25. Qa5 Bd3 26. Qxb6 cxd4 27. Nxd4 Rc8 28. Ra1 h5 29. Ra7 Qe8 30. Nf6+ Nxf6 31. exf6 Bxf6 32. Qxe6 Bxd4 33. Rxf7+ Kh8 34. Be5+ Bxe5 35.
Re7 Qxe7 36. Qxe7 Bg7 37. Bxd5 Bf5 38. Kg2 Kh7 39. b4 Kh6 40. b5 Bd4 41. Be6 Be4+ 42. Kh3 Rc2 43. Qf8+ Bg7 44. Qf4+ Kh7 45. Qxe4 Rxf2 46.
b6 Bf8 47. b7 Bd6 48. Qc6 Be5 49. Qd7+ Kh6 50. Qe8 Rf3 51. Kh2 Rxg3 52. Qh8+ Bxh8 53. b8=Q Be5 54. Qxe5 Rh3+ 55. Kxh3 1-0

[Event "Early-Titled-Tuesday-Blitz-May-07-2024"]
[Site "Chess.com"]
[Date "2024.05.07"]
[Round "3"]
[White "Heinza9"]
[Black "alpope"]
[Result "0-1"]
[WhiteElo "2349"]
[BlackElo "2525"]
[TimeControl "180+1"]
[EndTime "8:32:48 PDT"]
[Termination "alpope won on time"]

1. e4 b6 2. d4 Bb7 3. Nc3 e6 4. Nf3 Bb4 5. Bd3 Nf6 6. Qe2 d5 7. e5 Ne4 8. Bd2 Nxd2 9. Nxd2 O-O 10. a3 Bxc3 11. bxc3 c5 12. Qe3 Ba6 13. O-O Bxd3 14. cxd3 Nc6 15. f4 Rc8 16. Nf3 cxd4 17. Nxd4 Nxd4 18.
Qxd4 Qc7 19. f5 exf5 20. Rac1 g6 21. Qxd5 Rfd8 22. Qb5 Qc5+ 23. Qxc5 bxc5 24. Rfd1 Rd5 25. d4 cxd4 26. cxd4 Rxc1 27. Rxc1 Rxd4 28. Rc8+ Kg7 29. Rc7 Re4 30. Rxa7 Rxe5 31. Kf2 Kf6 32. Ra8 h5 33. Ra7 Re7 34. Ra6+ Kg5 35. h3 h4 36. Ra8 Rc7 37. Ra4 Rc2+ 38. Kf1 Ra2 39. Kg1 f6 40. Kf1 Kh5 41.
Kg1 g5 42. Ra5 Kg6 43. Ra4 f4 44. Ra5 Kf7 45. Kf1 Ke6 46. Kg1 f5 47. Kf1 g4 48.
hxg4 fxg4 49. Rh5 h3 50. gxh3 g3 51. Rg5 Kf6 52. Rg8 Kf5 53. h4 Ke4 54. h5 Kf3 55. Ke1 Rh2 56. a4 Rxh5 0-1

[Event "Early-Titled-Tuesday-Blitz-May-07-2024"]
[Site "Chess.com"]
[Date "2024.05.07"]
[Round "3"]
[White "XDPS"]
[Black "Fh2411"]
[Result "1/2-1/2"]
[WhiteElo "2839"]
[BlackElo "2537"]
[TimeControl "180+1"]
[EndTime "8:32:49 PDT"]
[Termination "Game drawn by repetition"]

1. d4 d5 2. c4 c6 3. Nf3 Nf6 4. Nbd2 g6 5. e3 Bg7 6. b4 O-O 7. a4 Bg4 8. Bb2 Nbd7 9. Be2 Ne4 10. Nxe4 dxe4 11. Nd2 Bxe2 12. Qxe2 f5 13. O-O e5 14. d5 c5 15. bxc5 Nxc5 16. Ba3 Rc8 17. Rab1 b6 18. a5 Rf6 19. axb6 axb6 20. Rb5 Bf8 21. Rfb1 Ra8 22.
Bxc5 Bxc5 23. Nb3 Be7 24. Qb2 Qc7 25. Nd2 Bc5 26. h3 h5 27. Nb3 Be7 28. Rc1 Ba3 29. Qa1 Ra7 30. Rc2 Be7 31. Qc3 Ra3 32. Qb2 Qa7 33.
Qxe5 Kf7 34. Qb2 Qa4 35. Nd4 Ra1+ 36. Kh2 Bd6+ 37. g3 h4 38. Rxb6 hxg3+ 39. fxg3 Qa5 40. Rb7+ Kg8 41. Nb3 Bxg3+ 42. Kg2 Rg1+ 43. Kxg1 Qe1+ 44. Kg2 f4 45. exf4 Bxf4 46. Qxf6 Qg3+ 47. Kf1 Qd3+ 48. Re2 Qxh3+ 49. Rg2 Qf3+ 50. Rf2 Qd1+ 51. Kg2 Qg4+ 52. Kh1 Qd1+ 53. Kg2 Qg4+ 54. Kf1 Qd1+ 55. Kg2 1/2-1/2

[Event "Early-Titled-Tuesday-Blitz-May-07-2024"]
[Site "Chess.com"]
[Date "2024.05.07"]
[Round "3"]
[White "doctorcristian"]
[Black "EvgenyBurmakin"]
[Result "1-0"]
[WhiteElo "2577"]
[BlackElo "2351"]
[TimeControl "180+1"]
[EndTime "8:32:49 PDT"]
[Termination "doctorcristian won by checkmate"]

1. d4 Nf6 2. Nc3 d5 3. Bf4 e6 4. Nb5 Na6 5. e3 c6 6. Nc3 Nc7 7. Nf3 a6 8. Ne5 c5 9. a3 cxd4 10. exd4 Bd6 11. Bd3 O-O 12. O-O Nce8 13. Re1 Nd7 14.
Qh5 f5 15. Bg5 Nef6 16. Qh4 Qc7 17. Nf3 Ne4 18. Ne2 Ndf6 19. c3 b5 20. Ne5 Bxe5 21.
dxe5 Nxg5 22. Qxg5 Qxe5 23. Nd4 Qd6 24. f4 h6 25. Qh4 Ne4 26. Nf3 Bb7 27. Rad1 Rae8 28.
Bxe4 fxe4 29. Ne5 Qd8 30. Qg4 Qf6 31. Ng6 Rf7 32. g3 Kh7 33. Ne5 Rc7 34. h4 Qf5 35. Qe2 Rf8 36. Kh2 Bc8 37. Rf1 Qf6 38. Qe3 a5 39. Qb6 Qe7 40. Qxb5 Ra7 41. Qb6 Ba6 42.
Rf2 Qc7 43. Qe3 Rb8 44. Rdd2 Rab7 45. g4 Qe7 46. g5 Rc7 47. Kg3 Kg8 48. Kh2 Qe8 49. Rg2 Kh8 50. gxh6 gxh6 51. Rg6 Kh7 52. Rdg2 Rxb2 53. Rxb2 d4 54. cxd4 Rc1 55. Rbg2 Bb7 56. f5 exf5 57. Qxh6# 1-0

[Event "Early-Titled-Tuesday-Blitz-May-07-2024"]
[Site "Chess.com"]
[Date "2024.05.07"]
[Round "3"]
[White "FairChess_on_YouTube"]
[Black "krzyzan94"]
[Result "1-0"]
[WhiteElo "3081"]
[BlackElo "2793"]
[TimeControl "180+1"]
[EndTime "8:32:50 PDT"]
[Termination "FairChess_on_YouTube won on time"]

1. d4 Nf6 2. c4 e6 3. Nf3 Bb4+ 4.
Nbd2 O-O 5. a3 Be7 6. e3 d6 7.
Bd3 a5 8. b3 Nbd7 9. Bb2 Re8 10. O-O Nf8 11. Qc2 Ng6 12. Rad1 d5 13. e4 dxe4 14.
Nxe4 Nxe4 15. Bxe4 Bf6 16. Ne5 Bxe5 17. dxe5 Qe7 18.
Qe2 Ra6 19. Qh5 Bd7 20. Rd3 Bc6 21. Rh3 h6 22. Bxg6 fxg6 23. Qxg6 Qf7 24. Rxh6 Qxg6 25. Rxg6 Rb6 26. Rg3 Rd8 27. h4 Ba4 28. bxa4 Rxb2 29. h5 Kf7 30. Re1 Rd4 31. Ree3 Rh4 32. Rb3 Rxb3 33.
Rxb3 b6 34. c5 bxc5 35. Rb7 Rxa4 36. Rxc7+ Kg8 37. Rxc5 Rxa3 38. Rc6 Kf7 39. Rc7+ Kg8 40. Re7 Ra1+ 41. Kh2 Rf1 42. Kg3 a4 43. Rxe6 Rh1 44. Ra6 Ra1 45. f4 a3 46. Kg4 Kh7 47. Kg5 a2 48. g4 Kh8 49. Ra8+ Kh7 50. Ra7 Rb1 51. Rxa2 Rb6 52. f5 Rh6 53. e6 Rf6 54. Ra8 Rf8 55. Rxf8 g6 56. hxg6+ 1-0

[Event "Early-Titled-Tuesday-Blitz-May-07-2024"]
[Site "Chess.com"]
[Date "2024.05.07"]
[Round "3"]
[White "Suleyman_Chess06"]
[Black "DanielNaroditsky"]
[Result "0-1"]
[WhiteElo "2787"]
[BlackElo "3076"]
[TimeControl "180+1"]
[EndTime "8:32:50 PDT"]
[Termination "DanielNaroditsky won by resignation"]

1. Nf3 Nf6 2. g3 g6 3. Bg2 Bg7 4. O-O O-O 5. d4 d6 6. c4 Nbd7 7. Nc3 e5 8. e4 c6 9. Qc2 exd4 10. Nxd4 Re8 11. Rd1 Qe7 12. h3 Nc5 13. f3 Nfd7 14. Bf4 Ne5 15. b3 a5 16. Rd2 a4 17. Rad1 axb3 18.
axb3 h5 19. Nde2 Ra3 20. Nc1 Nxc4 21. Nb1 Nxd2 22. Nxa3 Nxf3+ 23. Bxf3 Be5 24. Qd2 Ne6 25. Ne2 h4 26. Nc4 Qf6 27. Nxd6 Rd8 28. Bxe5 Qxe5 29.
Kg2 Ng5 30. Qf4 Bxh3+ 31. Kf2 Qc5+ 32. Qe3 hxg3+ 33. Nxg3 Qe5 34. Nc4 Qe7 35. Rxd8+ Qxd8 36. Qd2 Qf6 37. Qe3 Bg4 38. Nf5 gxf5 39. e5 Qh6 40.
Bxg4 fxg4 41. Ke2 Qh2+ 42. Kd1 Ne6 43. Qe4 Qg1+ 44. Ke2 Qd4 45. Qf5 Qf4 46. Qd3 Nd4+ 47. Kd1 Qf3+ 48. Kd2 Nxb3+ 49. Kc3 Qxd3+ 50. Kxd3 Nc5+ 51.
Ke3 b5 52. Na5 b4 53. Nxc6 b3 54. Kd2 g3 55. Nd4 g2 56. Nf3 b2 57. Kc2 Nd3 58.
Kb1 Nxe5 59. Ng1 Nc4 60. Kc2 f5 0-1

[Event "Early-Titled-Tuesday-Blitz-May-07-2024"]
[Site "Chess.com"]
[Date "2024.05.07"]
[Round "3"]
[White "bancsoo"]
[Black "BM223344"]
[Result "1-0"]
[WhiteElo "2884"]
[BlackElo "2630"]
[TimeControl "180+1"]
[EndTime "8:32:50 PDT"]
[Termination "bancsoo won by resignation"]

1. Nf3 Nf6 2. g3 g6 3. Bg2 Bg7 4. d4 d6 5. c4 O-O 6. Nc3 Nc6 7.
O-O e5 8. dxe5 dxe5 9. Be3 Be6 10. Qa4 Qe7 11. Rfd1 Rfd8 12. Bg5 h6 13. Bxf6 Qxf6 14. Nd5 Bxd5 15. cxd5 Nd4 16. Nxd4 exd4 17. Rac1 Qb6 18.
Rc2 Re8 19. Bf3 Rad8 20. Kg2 h5 21. h4 Re7 22. b4 a6 23. Qa5 Rd6 24. Qxb6 Rxb6 25.
a3 Be5 26. Rc4 Kg7 27. a4 Rd6 28. a5 f5 29. Rb1 b5 30. Rc2 Rf6 31. Rd1 Kf7 32.
Kf1 Ke8 33. Kg2 Kd8 34. Kh3 Ke8 35. Bg2 Kd8 36. f4 Bd6 37. Rxd4 Re3 38. Bf3 Be7 39. Rb2 Rf8 40. Kg2 Bf6 41. Rbd2 Bxd4 42. Rxd4 Kd7 43.
Kf2 Rb3 44. e4 fxe4 45. Bxe4 Rf6 46. Bd3 Rd6 47. Kf3 Ke7 48. Ke3 Kf6 49. Kd2 Rb2+ 50. Kc3 Rg2 51. Re4 Rxg3 52. Kd4 Rg4 53. Kc5 Rxh4 54. Re8 Rxf4 55. Rc8 Rd7 56. Ra8 Rf3 57. Rxa6+ Kg5 58. Rxg6+ Kf4 59. Rf6+ Ke3 60. Rxf3+ Kxf3 61.
Bxb5 Rd6 62. Bc6 h4 63. a6 h3 64. a7 Rd8 65. a8=Q Rxa8 66. Bxa8 Ke3 67. d6 cxd6+ 68. Kxd6 h2 69. b5 Kd4 70. b6 Kc4 71. Bc6 Kd4 72. b7 h1=Q 73. Bxh1 Ke3 74. b8=Q Kf4 75. Qg8 Kf5 1-0

[Event "Early-Titled-Tuesday-Blitz-May-07-2024"]
[Site "Chess.com"]
[Date "2024.05.07"]
[Round "3"]
[White "chesslh93"]
[Black "AlexanderKing"]
[Result "0-1"]
[WhiteElo "2363"]
[BlackElo "2581"]
[TimeControl "180+1"]
[EndTime "8:32:51 PDT"]
[Termination "AlexanderKing won on time"]

1. e4 c5 2. Nf3 e6 3. d4 cxd4 4. Nxd4 a6 5. c4 Nf6 6. Nc3 Bb4 7. Bd3 Nc6 8. Nxc6 dxc6 9. e5 Qa5 10. exf6 Bxc3+ 11. bxc3 Qxc3+ 12. Bd2 Qxd3 13. fxg7 Rg8 14. Bh6 Qc3+ 15. Kf1 Qxc4+ 16. Kg1 e5 17. Qd6 Be6 18. Qf8+ Kd7 19. Rd1+ Kc7 20. Qd6+ Kc8 21. h4 Bd5 22. Rh3 a5 23. Rhd3 b6 24. Rxd5 cxd5 25. Rxd5 Ra7 26. Qxe5 Rd7 27. Rxd7 Kxd7 28. Qf5+ Qe6 29. Qd3+ Qd6 30. Qf5+ Qe6 31. Qd3+ Kc6 32. Qc3+ Kb7 33. Qf3+ Ka7 34. Qf4 Qg6 35. Qc7+ Ka6 36. Qf4 Rxg7 37.
Bxg7 Qxg7 38. Qc4+ Kb7 39. Qd5+ Kc7 40. Qc4+ Kd6 41.
Qd3+ Kc5 42. Qf5+ Kb4 43. Qd3 a4 44. a3+ Kc5 45. Qf5+ Kc4 46. Qe4+ Kb3 47. Qc6 Kxa3 48. Qxb6 Ka2 49. g3 a3 50. Kg2 Qb2 51. Qf6 Qxf6 0-1

[Event "Early-Titled-Tuesday-Blitz-May-07-2024"]
[Site "Chess.com"]
[Date "2024.05.07"]
[Round "3"]
[White "FREDERICKtheMATE"]
[Black "baki83"]
[Result "0-1"]
[WhiteElo "2697"]
[BlackElo "2927"]
[TimeControl "180+1"]
[EndTime "8:32:53 PDT"]
[Termination "baki83 won by checkmate"]

1. d4 d5 2. c4 e6 3. Nc3 c6 4. e3 Nf6 5. Nf3 Nbd7 6. Be2 Bd6 7. O-O O-O 8. b3 b6 9. Bb2 Bb7 10. Bd3 c5 11. cxd5 exd5 12. Nb5 Bb8 13. dxc5 bxc5 14.
Rc1 a6 15. Nc3 Qc7 16. g3 Qc6 17. Na4 d4 18. Be2 Ne5 19. Nxc5 Nxf3+ 20. Bxf3 Qxf3 21.
Nxb7 Qxb7 22. Bxd4 Ne4 23. Qf3 f5 24. Rfd1 Bd6 25.
Qe2 Rac8 26. f3 Ng5 27. Kg2 Rfd8 28. Rxc8 Rxc8 29. Rf1 Ne6 30. Ba1 Qb5 31. Qd2 Bb4 32. Qb2 Rd8 33. Rf2 Bf8 34. Qc2 Qd5 35. Re2 Qd3 36.
Qxd3 Rxd3 37. e4 fxe4 38. Rxe4 Rd2+ 39. Kh3 Rxa2 40. Rxe6 Rxa1 41. Rc6 a5 42. Ra6 h6 43. Kg4 Bb4 44. h4 Kh7 45. f4 Ra3 46. f5 Rxb3 47.
Ra7 Bc3 48. Kh5 Rb5 49. g4 Bd4 50. Rd7 Bc3 51. Ra7 Bb2 52. Ra6 a4 53. g5 hxg5 54. hxg5 Rxf5 55. Kg4 Rd5 56. Rxa4 Rd4+ 57. Rxd4 Bxd4 58.
Kh5 Ba1 59. g6+ Kg8 60. Kg4 Kf8 61. Kf5 Ke7 62. Ke4 Ke6 63. Kf4 Kf6 64. Kf3 Kxg6 65. Kg3 Kh5 66. Kf3 g5 67. Ke4 g4 68. Kd5 Kh4 69.
Ke6 Kh3 70. Kd7 g3 71. Ke8 g2 72. Kf7 g1=Q 73. Ke6 Qf2 74. Kd5 Be5 75. Kc4 Qd4+ 76. Kb5 Qc3 77. Kb6 Qc4 78. Ka5 Qb3 79. Ka6 Bc7 80.
Ka7 Qb6+ 81. Ka8 Qb8# 0-1

[Event "Early-Titled-Tuesday-Blitz-May-07-2024"]
[Site "Chess.com"]
[Date "2024.05.07"]
[Round "3"]
[White "HSH1987"]
[Black "betta2004"]
[Result "0-1"]
[WhiteElo "2774"]
[BlackElo "2535"]
[TimeControl "180+1"]
[EndTime "8:32:53 PDT"]
[Termination "betta2004 won by checkmate"]

1. Nf3 g6 2. g3 Bg7 3. Bg2 d5 4. O-O c5 5. d3 Nc6 6. Nbd2 e6 7. e4 Nge7 8. Re1 O-O 9. e5 Qc7 10. Qe2 g5 11. Nxg5 Qxe5 12. Qxe5 Nxe5 13. Ngf3 N7c6 14. Nxe5 Nxe5 15. Nf3 Nxf3+ 16. Bxf3 Bd7 17. Rb1 Bc6 18. Bf4 Rfe8 19. Be5 f6 20. Bd6 Bf8 21. Bxf8 Kxf8 22. Re2 e5 23. Rbe1 Ke7 24. Bg4 Kd6 25. Bf5 h6 26. h4 Rg8 27. Kh2 Rae8 28. Kh3 d4 29. a3 Bf3 30. Rd2 b5 31. Be4 Bxe4 32. Rxe4 f5 33.
Re1 e4 34. Rde2 Kd5 35. b3 c4 36. bxc4+ bxc4 37. dxc4+ Kxc4 38. Rd2 Kc3 39. Red1 Rd8 40. Kg2 f4 41. Kh2 e3 42. fxe3 fxe3 43. Re2 d3 44.
cxd3 Rxd3 45. Rc1+ Kd4 46. Rcc2 Rd8 47. g4 Ke4 48. Kg3 Rd2 49. g5 hxg5 50. hxg5 Rxc2 51. Rxc2 Kd3 52. Rc7 e2 53. Re7 Kd2 54. Kf2 e1=Q+ 55. Rxe1 Rf8+ 56. Kg3 Kxe1 57. g6 Kd2 58. Kg4 Rg8 59.
Kf5 Kc3 60. Kf6 Kb3 61. Kf7 Ra8 62. g7 Kxa3 63. g8=Q Rxg8 64. Kxg8 Kb4 65. Kf7 a5 66. Ke6 a4 67. Kd5 a3 68. Kd4 a2 69. Kd3 a1=Q 70.
Kc2 Qd4 71. Kb1 Qf2 72. Kc1 Kc3 73. Kd1 Qd2# 0-1

[Event "Early-Titled-Tuesday-Blitz-May-07-2024"]
[Site "Chess.com"]
[Date "2024.05.07"]
[Round "3"]
[White "Rosh1610"]
[Black "1mbl4"]
[Result "1-0"]
[WhiteElo "2485"]
[BlackElo "2624"]
[TimeControl "180+1"]
[EndTime "8:32:53 PDT"]
[Termination "Rosh1610 won on time"]

1. e4 g6 2. d4 Bg7 3. Nf3 d6 4. c3 Nd7 5. Bd3 e5 6. O-O Ne7 7. Be3 O-O 8. Nbd2 f5 9. dxe5 Nxe5 10. Nxe5 dxe5 11. Bc4+ Kh8 12. exf5 gxf5 13. Nf3 Qe8 14. Re1 e4 15. Nd4 Ng6 16. Nb5 Qe7 17. b4 b6 18.
Bd5 Be6 19. Bxe6 Qxe6 20. Nxc7 Qc6 21. Nxa8 Rxa8 22. Bd4 Ne5 23. Qh5 Rf8 24. Rad1 h6 25. Bxe5 Bxe5 26. c4 Qf6 27. Rd7 Bc3 28. Red1 Bxb4 29.
Rxa7 f4 30. h3 e3 31. Rdd7 exf2+ 32. Kxf2 Bc5+ 33. Ke2 Qb2+ 34. Kd3 Qb1+ 35. Kc3 Bb4+ 36. Kd4 Qg1+ 37. Kd5 Qc5+ 38. Ke6 Qe3+ 39. Kd5 Qc5+ 40.
Ke4 Qe3+ 41. Kd5 Qd3+ 42. Kc6 Qe4+ 43. Qd5 Qxd5+ 44. cxd5 Bc3 45. Rh7+ Kg8 46. Rxh6 f3 47. gxf3 Rxf3 48. Rg6+ Kh8 49. Re6 Rf8 50. Ree7 Bd4 51. d6 Rc8+ 52. Kd5 Bb2 53. d7 Rc5+ 54. Kd6 1-0

[Event "Early-Titled-Tuesday-Blitz-May-07-2024"]
[Site "Chess.com"]
[Date "2024.05.07"]
[Round "3"]
[White "pfalcon1949"]
[Black "alvarorodriguezavila"]
[Result "0-1"]
[WhiteElo "1940"]
[BlackElo "2344"]
[TimeControl "180+1"]
[EndTime "8:32:54 PDT"]
[Termination "alvarorodriguezavila won by checkmate"]

1. e4 c5 2. Nf3 g6 3. d4 cxd4 4. Nxd4 Bg7 5. c4 Nc6 6. Be3 Nf6 7.
Nc3 O-O 8. Be2 d6 9. O-O Nxd4 10. Bxd4 Bd7 11. Qd2 Bc6 12. f3 a5 13. b3 a4 14.
b4 Bd7 15. a3 Be6 16. Rac1 Nd7 17. Bxg7 Kxg7 18. Qd4+ Kg8 19. Nd5 Bxd5 20. exd5 b6 21. Bd3 Ne5 22. f4 Nd7 23. f5 Ne5 24. Bb1 Rc8 25. Rc3 f6 26. fxg6 hxg6 27. Qh4 Kg7 28. Rg3 Rh8 29. Qe4 Rh6 30. Rc1 Qh8 31. h3 Rh4 32. Rxg6+ Nxg6 33. Qxg6+ Kf8 34. c5 bxc5 35. bxc5 Qh6 36. Qxh6+ Rxh6 37. c6 Rh5 38. Be4 Re5 39.
Bf3 Rc7 40. Kf2 e6 41. dxe6 Rxe6 42. h4 Ke7 43. h5 f5 44. Kg3 d5 45. Kf4 Kd6 46.
Kxf5 Rf7+ 47. Kg4 Re3 48. Kg3 Rxa3 49. c7 Rxc7 50. Rxc7 Kxc7 51. Kg4 Rd3 52. Kg5 a3 53. h6 a2 54. h7 a1=Q 55. h8=Q Qxh8 56. Bg4 Qg7+ 57.
Kh4 Rd4 58. Kg3 Qxg4+ 59. Kf2 Rd2+ 60. Ke3 Qe2+ 61. Kf4 Rd4+ 62. Kg5 Qe5+ 63. Kg6 Rg4+ 64. Kh6 Qg7+ 65. Kh5 Qg5# 0-1

[Event "Early-Titled-Tuesday-Blitz-May-07-2024"]
[Site "Chess.com"]
[Date "2024.05.07"]
[Round "3"]
[White "SkippingLaptop"]
[Black "Arteler"]
[Result "0-1"]
[WhiteElo "1931"]
[BlackElo "2341"]
[TimeControl "180+1"]
[EndTime "8:32:55 PDT"]
[Termination "Arteler won on time"]

1. d4 Nf6 2. c4 g6 3. Nc3 Bg7 4. e4 d6 5. f3 O-O 6. Be3 e5 7.
Nge2 Nc6 8. d5 Ne7 9. Qd2 Nh5 10.
Bh6 f5 11. O-O-O fxe4 12. Nxe4 Bxh6 13. Qxh6 Nf4 14. Nxf4 exf4 15. g3 Nf5 16. Qxf4 Nd4 17. Qd2 Nxf3 18. Qc3 Qe7 19. Bd3 Ne5 20. Be2 Bf5 21.
Nd2 Rae8 22. Rhe1 Qg5 23. b3 Bg4 24. Bxg4 Nxg4 25. Rxe8 Rxe8 26. Kb1 Nxh2 27. Qd3 Ng4 28. Ne4 Qf5 29. Nc3 Qg5 30. Ne4 Qf5 31. Nc3 Qxd3+ 32. Rxd3 Re3 33. Rxe3 Nxe3 34. Kc1 Nf5 35. g4 Ne3 36. g5 a6 37. Kd2 Ng4 38. Ne4 Kf7 39. Ke2 h5 40. gxh6 Nxh6 41. Ng5+ Kf6 42. Ne6 Nf7 43.
Nxc7 g5 44. Ne8+ Kf5 45. Nxd6+ Nxd6 46. c5 Ne4 47. c6 bxc6 48. dxc6 Ke6 49. Ke3 Nd6 50.
Kf3 Kd5 0-1

[Event "Early-Titled-Tuesday-Blitz-May-07-2024"]
[Site "Chess.com"]
[Date "2024.05.07"]
[Round "3"]
[White "AccioChess"]
[Black "andrew-blr"]
[Result "1/2-1/2"]
[WhiteElo "2439"]
[BlackElo "2600"]
[TimeControl "180+1"]
[EndTime "8:32:56 PDT"]
[Termination "Game drawn by repetition"]

1. Nf3 d5 2. g3 Nf6 3. Bg2 c5 4. O-O Nc6 5. d3 e5 6. Nc3 d4 7.
Nb5 a6 8. Na3 Bd7 9. c4 Bd6 10.
e3 O-O 11. e4 Ne8 12. Nh4 Nc7 13. Nf5 Be6 14. f4 f6 15. Nxd6 Qxd6 16. f5 Bf7 17. g4 b5 18. h4 bxc4 19. Nxc4 Bxc4 20.
dxc4 d3 21. Be3 Nb4 22. Qd2 Rfd8 23. Rad1 Nc2 24. Bf2 Rab8 25. Qc3 a5 26. Rd2 a4 27.
Rfd1 Nd4 28. Qxd3 Rb4 29. g5 Rdb8 30. Qg3 Rxb2 31. Bxd4 cxd4 32. gxf6 Qxf6 33. c5 Rxd2 34. Rxd2 Nb5 35. Bf1 Nc3 36. Bc4+ Kh8 37. Bd5 a3 38.
Kg2 Rb2 39. Qf2 Rxd2 40. Qxd2 Qxh4 41. Qc2 Qg4+ 42. Kh2 Qf4+ 43. Kg2 h5 44. Qb3 Qd2+ 45. Kh3 Qe3+ 46. Kh2 Qf2+ 47. Kh3 Qf3+ 48. Kh2 Qf2+ 49. Kh3 Qf3+ 50. Kh2 Kh7 51. Qb8 Ne2 52. Qg8+ Kh6 53. Qh8+ Kg5 54. Qxg7+ Kh4 55. Qf6+ Kg4 56. Qg6+ Kh4 57. Qf6+ Kg4 58. Qg7+ Kh4 59. Qf6+ 1/2-1/2

[Event "Early-Titled-Tuesday-Blitz-May-07-2024"]
[Site "Chess.com"]
[Date "2024.05.07"]
[Round "3"]
[White "stollenmonster"]
[Black "IwkooO"]
[Result "1-0"]
[WhiteElo "2924"]
[BlackElo "2695"]
[TimeControl "180+1"]
[EndTime "8:32:57 PDT"]
[Termination "stollenmonster won by resignation"]

1. e4 e5 2. Nc3 Nf6 3. g3 Bb4 4.
Bg2 O-O 5. Nge2 c6 6. O-O Re8 7. h3 d5 8. exd5 cxd5 9. d4 e4 10.
Bg5 Be6 11. Nf4 Bxc3 12. bxc3 Nbd7 13. Nxe6 fxe6 14. f3 exf3 15. Rxf3 h6 16. Bf4 Rc8 17. Re3 Qa5 18. Qe1 Rc6 19. g4 Nf8 20. g5 Nh5 21. Be5 hxg5 22. Rb1 b6 23. a4 Rec8 24. Rb3 Qxa4 25.
Bf1 Qa2 26. Qc1 Nf4 27. Ra3 Qxa3 28. Qxa3 N8g6 29. Bb5 Nxe5 30. Bxc6 Nc4 31. Qa6 Rxc6 32. Re1 Rc7 33. Qb5 Nd6 34. Qb4 Ne4 35. Re3 Nxc3 36. Qd6 Nce2+ 37. Kf1 Rxc2 38. Qd8+ Kh7 39. Qxg5 Rc1+ 40.
Kf2 Kg8 41. Qd8+ Kf7 42. Rxe2 Nxe2 43. Kxe2 Rc3 44. Qd7+ Kf6 45. h4 Rh3 46. Qd8+ Kf7 47.
Qd7+ Kf6 48. Qd8+ Kf7 49. Qg5 a5 50. h5 a4 51. Qg6+ Kf8 52. Qxe6 Rxh5 53. Qxb6 Rf5 54. Qc5+ Kf7 55. Qb4 g6 56. Qxa4 Kg7 57. Ke3 Kf6 58. Qd7 Kg5 59. Qe7+ Kh5 60. Qh7+ Kg5 61. Qh2 Kf6 62. Qh4+ Kf7 63. Kd3 Rf3+ 64. Kc2 Rf4 65.
Qxf4+ 1-0

[Event "Early-Titled-Tuesday-Blitz-May-07-2024"]
[Site "Chess.com"]
[Date "2024.05.07"]
[Round "3"]
[White "UF_10"]
[Black "Yerkinio"]
[Result "1-0"]
[WhiteElo "2515"]
[BlackElo "2657"]
[TimeControl "180+1"]
[EndTime "8:32:58 PDT"]
[Termination "UF_10 won by resignation"]

1. d4 Nf6 2. Nf3 e6 3. Bf4 c5 4. e3 Nc6 5. Nbd2 d5 6. c3 Nh5 7. Bg5 f6 8. Bh4 g6 9. Be2 Ng7 10. e4 g5 11. Bg3 cxd4 12. Nxd4 Nxd4 13. cxd4 dxe4 14. Bh5+ Nxh5 15. Qxh5+ Ke7 16. Nxe4 Qxd4 17. Nc3 e5 18. Qe2 Bg4 19. f3 Be6 20. Rd1 Qb4 21. O-O Kf7 22. Nd5 Qc5+ 23. Bf2 Qa5 24. Qe4 Rd8 25. Nc3 Be7 26. Rxd8 Bxd8 27. Qxb7+ Qc7 28. Qe4 Be7 29. Rd1 Kg7 30. Nd5 Qd7 31. Ne3 Qc7 32. h4 h6 33. Nf5+ Bxf5 34. Qxf5 Rc8 35.
Rd7 Qc1+ 36. Kh2 Re8 37. h5 Qf4+ 38. Qxf4 gxf4 39. Bc5 Kf7 40. Rxa7 Ke6 41. Rxe7+ Rxe7 42. Bxe7 Kxe7 43. b4 f5 44. b5 Kd6 45. a4 Kc5 46.
Kg1 e4 47. fxe4 fxe4 48. Kf2 Kb6 49. Ke2 Ka5 50. Kf2 Kb6 51. g3 f3 52. g4 Ka5 53.
Ke3 Kb6 54. g5 hxg5 55. h6 g4 56. h7 g3 57. h8=Q 1-0

[Event "Early-Titled-Tuesday-Blitz-May-07-2024"]
[Site "Chess.com"]
[Date "2024.05.07"]
[Round "3"]
[White "TheoSlade"]
[Black "xasid81"]
[Result "1/2-1/2"]
[WhiteElo "2479"]
[BlackElo "2636"]
[TimeControl "180+1"]
[EndTime "8:33:00 PDT"]
[Termination "Game drawn by repetition"]

1. d4 a6 2. e4 h6 3. c4 b6 4. Nc3 g6 5. Nf3 Bb7 6. Be2 Bg7 7. Be3 d6 8. O-O e6 9. Qc2 Ne7 10. Rfe1 O-O 11. b4 Nd7 12. d5 e5 13. c5 bxc5 14.
bxc5 Nxc5 15. Bxc5 dxc5 16. Na4 f5 17. Nxc5 Bc8 18.
Ne6 Bxe6 19. dxe6 Kh7 20. Red1 Qc8 21. Rd7 fxe4 22. Rxe7 exf3 23. Bxf3 Ra7 24. Qc5 Qb8 25. Qxe5 Rg8 26. Rxg7+ Rxg7 27. e7 Rg8 28. Bc6 Ra8 29.
Bxa8 Qxa8 30. Qxc7 Re8 31. Rd1 Qe4 32. h3 Rxe7 33. Rd7 Qe1+ 34. Kh2 Rxd7 35. Qxd7+ Kh8 36. Qc8+ Kg7 37. Qb7+ Kh8 38. Qa8+ Kg7 39. Qa7+ Kh8 40. Qxa6 Qxf2 41. Qxg6 Qf4+ 42. Qg3 Qa4 43. a3 Kh7 44. Qc7+ Kg6 45. Qd6+ Kh7 46. Qb4 Qe8 47. a4 Qe5+ 48.
Kg1 Qa1+ 49. Kf2 Qf6+ 50. Kg3 Qe5+ 51. Qf4 Qc3+ 52. Kh2 Qa1 53. Qf5+ Kg7 54. a5 Qa3 55. Qe5+ Kg6 56. Qe6+ Kg5 57. a6 h5 58. Qe5+ Kg6 59. Qe4+ Kg5 60. Qd5+ Kg6 61. Qc6+ Kg5 62. Qb5+ Kh4 63.
a7 Qg3+ 64. Kg1 Qe3+ 65. Kh2 Qg3+ 66. Kg1 Qe1+ 67. Kh2 Qg3+ 1/2-1/2

[Event "Early-Titled-Tuesday-Blitz-May-07-2024"]
[Site "Chess.com"]
[Date "2024.05.07"]
[Round "3"]
[White "DvaHrasta"]
[Black "arenal72"]
[Result "0-1"]
[WhiteElo "2440"]
[BlackElo "2613"]
[TimeControl "180+1"]
[EndTime "8:33:01 PDT"]
[Termination "arenal72 won on time"]

1. c4 e6 2. g3 d5 3. d4 dxc4 4. Bg2 Nf6 5. Nf3 Bd7 6. O-O Bc6 7. a4 a5 8. Nbd2 Nbd7 9. Nxc4 Bb4 10. b3 O-O 11. Bb2 Bd5 12. Rc1 Rc8 13. Nfe5 Bxg2 14.
Kxg2 Nxe5 15. Nxe5 Qd5+ 16. f3 c5 17. e4 Qd8 18.
dxc5 Bxc5 19. Nc4 b6 20. Qxd8 Rfxd8 21. Bxf6 gxf6 22. Rfd1 Kf8 23. Kf1 Ke7 24. Ke2 h5 25. Rxd8 Rxd8 26. Rd1 Rg8 27. Rc1 Bd4 28. Rd1 Rd8 29. g4 hxg4 30. fxg4 e5 31. h4 Rb8 32. Ne3 Bxe3 33. Kxe3 b5 34. axb5 Rxb5 35. Rd3 Kf8 36. h5 Kg7 37. Kd2 Rb4 38. Re3 Kh6 39. Kc3 Kg5 40. Rf3 Rb6 41. Rg3 Kf4 42. Rg1 Kg5 43. Rg2 Rc6+ 44. Kd3 Rc8 45. Rf2 Rd8+ 46. Kc3 Rd6 47. Rg2 Rd4 48. Rf2 Rxe4 49. Rf5+ Kxg4 50. Rxf6 Kxh5 51. Rxf7 a4 52. b4 Kg5 53. Ra7 Re3+ 54. Kd2 Ra3 55. b5 Rb3 56. Rxa4 Rxb5 57. Ke3 Kf5 58. Ra3 Rb8 59. Ke2 Rh8 60. Rf3+ Ke6 61. Rf8 Rxf8 0-1